 Dungeon Crawl Stone Soup version 0.22-a0-456-g11ed031617 (webtiles) character file.

25090 Kriby the Martial Artist (level 12, -2/97 HPs)
             Began as a Demonspawn Wizard on June 6, 2018.
             Was an Elder of Wu Jian.
             Slain by a komodo dragon (25 damage)
             ... on level 3 of the Lair of Beasts.
             The game lasted 00:27:39 (19799 turns).

Kriby the Martial Artist (Demonspawn Wizard)       Turns: 19799, Time: 00:27:40

Health: -2/97      AC: 22    Str: 11    XL:     12   Next: 86%
Magic:  16/16      EV: 16    Int: 19    God:    Wu Jian [****..]
Gold:   561        SH:  0    Dex: 16    Spells: 10/17 levels left

rFire    + + .     SeeInvis .     - Unarmed
rCold    . . .     Gourm    .   (no shield)
rNeg     . . .     Faith    .   w - +3 ring mail
rPois    .         Spirit   .   F - +1 hat
rElec    .         Reflect  .   (no cloak)
rCorr    .         Harm     .   a - +0 pair of gloves
MR       +....                  B - +2 pair of boots
Stlth    +.........             H - amulet of magic regeneration
HPRegen  0.26/turn              p - +3 ring of protection
MPRegen  0.40/turn              S - +4 ring of dexterity

@: no status effects
A: antennae 2, molten scales 3, dopey 1, fire resistance 1, magic resistance 1,
spiny 3
a: Wall Jump, Serpent's Lash, Renounce Religion


You were on level 3 of the Lair of Beasts.
You worshipped Wu Jian.
Wu Jian was greatly pleased with you.
You were hungry.

You visited 3 branches of the dungeon, and saw 15 of its levels.

You collected 714 gold pieces.
You spent 153 gold pieces at shops.

Inventory:

Hand Weapons
 f - a +0 battleaxe
 g - a +0 club
 m - a +2 dagger of flaming
 n - a +0 short sword
 r - a +0 spear
 u - a +1 dagger of venom
 C - a +0 morningstar
 P - a +0 battleaxe
Missiles
 V - a throwing net (quivered)
Armour
 a - a +0 pair of gloves (worn)
 v - the +1 scale mail "Vyjifuf" {Int+6}
   (You took it off a kobold on level 8 of the Dungeon)

   It affects your intelligence (+6).
 w - a +3 ring mail (worn)
 B - a +2 pair of boots (worn)
 F - a +1 hat (worn)
Jewellery
 o - an uncursed ring of wizardry
 p - a +3 ring of protection (left hand)
 s - an uncursed ring of magical power
 y - an uncursed amulet of faith
 H - an amulet of magic regeneration (around neck)
 I - a +5 ring of slaying {unknown}
 S - a +4 ring of dexterity (right hand)
Wands
 k - a wand of acid (2) {@v2}
 T - a wand of clouds (2) {@v3}
 X - a wand of digging (14) {@v1}
Scrolls
 c - 3 scrolls of enchant weapon
 e - 6 scrolls of remove curse {@r2}
 h - 3 scrolls of fear
 l - 6 scrolls of identify {@r1}
 q - 5 scrolls of enchant armour
 A - 12 scrolls of teleportation {@r3}
 K - 2 scrolls of magic mapping
 M - 3 scrolls of fog
Potions
 i - a potion of brilliance
 j - a potion of ambrosia
 t - 4 potions of lignification
 x - a potion of heal wounds {@q2}
 z - a potion of might {@q4}
 D - 5 potions of curing {@q1}
 E - 3 potions of flight
 L - a potion of mutation
Miscellaneous
 N - a phial of floods (inert)
Comestibles
 d - 23 rations {@e1}


   Skills:
 + Level 10.0 Fighting
 + Level 9.2 Armour
 + Level 9.4 Dodging
 - Level 1.7 Stealth
 * Level 12.3 Unarmed Combat
 - Level 3.0 Spellcasting
 - Level 1.0 Conjurations
   Level 1.0 Summonings
 - Level 0.8 Translocations


You had 10 spell levels left.
You knew the following spells:

 Your Spells              Type           Power        Failure   Level  Hunger
a - Magic Dart            Conj           #...         21%         1    None
b - Blink                 Tloc           N/A          32%         2    ##.....
c - Conjure Flame         Conj/Fire      #.......     58%         3    ###....
v - Animate Skeleton      Necr           N/A          30%         1    None

Your spell library contained the following spells:

 Spells                   Type           Power        Failure   Level  Hunger
 Apportation              Tloc           #.....       22%         1    None
 Slow                     Hex            #.......     43%         2    ##.....
 Mephitic Cloud           Conj/Pois/Air  #.......     63%         3    ###....
 Summon Small Mammal      Summ           #...         21%         1    None
 Call Imp                 Summ           #.......     30%         2    ##.....
 Spider Form              Tmut/Pois      #.........   67%         3    ###....
 Blade Hands              Tmut           #.........   100%        5    ######.
 Ice Form                 Ice/Tmut       #.......     97%         4    ####...
 Confusing Touch          Hex            #.....       30%         1    None
 Sticks to Snakes         Tmut           #.......     43%         2    ##.....
 Beastly Appendage        Tmut           #.....       30%         1    None


Dungeon Overview and Level Annotations

Branches:
Dungeon (11/15)            Temple (1/1) D:6            Lair (3/6) D:11
  Swamp (0/4) Lair:2        Snake (0/4) Lair:2          Orc (0/2) D:9

Altars:
Ashenzari
Cheibriados
Dithmenos
Elyvilon
Fedhas
Gozag
Hepliaklqana
Kikubaaqudgha
Makhleb
Nemelex Xobeh
Okawaru
Qazlal
Ru
Sif Muna
Trog
Uskayaw
Vehumet
Wu Jian
Xom
Yredelemnul
Zin
The Shining One

Shops:
D:4 ?   D:5 (


Innate Abilities, Weirdness & Mutations

You have a pair of antennae on your head.
You are completely covered in molten scales. (AC +4, rF+)
Your flesh is heat resistant. (rF+)
You are completely covered in sharp spines.
You are dopey. (Int -2)
You are resistant to hostile enchantments. (MR+)


Message History

The komodo dragon is struck by your spines.
The komodo dragon bites you but does no damage.
You barely miss the komodo dragon.
The komodo dragon is severely wounded.
The komodo dragon bites you!
You completely miss the komodo dragon.
The komodo dragon is severely wounded.
You hit the komodo dragon but do no damage.
The komodo dragon is severely wounded.
The komodo dragon is struck by your spines.
The komodo dragon barely misses you.
You barely miss the komodo dragon.
The komodo dragon is almost dead.
The komodo dragon bites you!!
* * * LOW HITPOINT WARNING * * *
You hit the komodo dragon but do no damage.
Your punch misses the komodo dragon.
The komodo dragon is almost dead.
The komodo dragon bites you!!
You die...

........#.###..#.......
#......................
...P..(...............#
......................
..#...................#
.....................#
#..................
#...#.#.....####..#
##########l@####....## ..#
.####.#.#..#..†..# #.....#
................## #....##
#.# ...........(....#
P....P# #..
................P# #.....#
#.. .................#
.....## ##..
.........................
#...
........................##
#.. ###P................
###..


You could see a komodo dragon.

Vanquished Creatures
  A hydra (Lair:1)
  5 two-headed ogres
  3 unseen horrors
  A cyclops (D:11)
  3 centaur zombies
  A rime drake (Lair:3)
  A centaur skeleton (D:10)
  2 spiny frogs
  A kobold demonologist (D:8)
  2 komodo dragons
  A merfolk (D:9)
  A slime creature (D:8)
  A hornet (D:11)
  3 hippogriffs
  Prince Ribbit (D:7)
  5 blink frogs
  A wraith (D:10)
  16 yaks
  2 wyverns
  2 hungry ghosts
  A steam dragon (Lair:3)
  Menkaure (D:6)
  Edmund (D:6)
  4 vampire mosquitoes
  A naga (Lair:2)
  2 hell hounds (D:11)
  4 water moccasins
  4 porcupines
  4 ice beasts
  3 sky beasts
  3 phantoms
  A black bear (D:10)
  2 necrophages (D:8)
  4 centaurs
  2 orc warriors (D:10)
  11 ogres
  3 wolves (Lair:2)
  3 crocodiles
  13 big kobolds
  12 bullfrogs
  Blork the orc (D:4)
  2 scorpions (D:10)
  3 killer bees (D:7)
  7 wights
  2 bullfrog zombies (D:5)
  4 crimson imps
  8 hounds
  A quasit (D:10)
  4 jellies
  5 orc priests
  2 bullfrog skeletons
  An iron imp (D:9)
  Jessica (D:2)
  Ijyb (D:3)
  An iguana (D:8)
  7 orc wizards
  6 worker ants
  A killer bee zombie (D:6)
  A hound zombie (D:9)
  A hound skeleton (D:10)
  A worker ant zombie (D:5)
  16 adders
  4 gnolls (D:9)
  4 shadow imps
  4 oozes
  An adder zombie (D:8)
  3 adder skeletons
  A worm (D:6)
  A dart slug (D:3)
  8 leopard geckos
  39 orcs
  2 ball pythons
  7 bats
  3 giant cockroaches
  4 goblins
  11 hobgoblins
  3 jackals (D:1)
  4 quokkas
  9 frilled lizards
  A giant cockroach zombie (D:5)
  26 kobolds
  A leopard gecko zombie (D:7)
  A quokka skeleton (D:7)
  4 rats
349 creatures vanquished.

Vanquished Creatures (collateral kills)
  Gastronok (Lair:3)
  A hydra (Lair:2)
  A two-headed ogre (D:11)
  A komodo dragon (Lair:2)
  A hippogriff (Lair:2)
  A yak (Lair:2)
  3 vampire mosquitoes (Lair:2)
  A porcupine (Lair:2)
  A black bear (Lair:2)
  2 wolves (Lair:2)
  2 crocodiles
  2 quokkas (D:11)
17 creatures vanquished.

Vanquished Creatures (others)
  7 fungi
  6 plants
13 creatures vanquished.

Grand Total: 379 creatures vanquished

Notes
Turn   | Place    | Note
-------+----------+-------------------------------------------
     0 | D:1      | Kriby the Demonspawn Wizard began the quest for the Orb.
     0 | D:1      | Reached XP level 1. HP: 13/13 MP: 4/4
   510 | D:1      | Gained mutation: You have a pair of small antennae on your head. [demonic ancestry]
   510 | D:1      | Reached XP level 2. HP: 12/20 MP: 0/6
   726 | D:1      | Reached skill level 1 in Fighting
  1006 | D:1      | Reached skill level 1 in Armour
  1580 | D:1      | Gained mutation: You are partially covered in sharp spines. [demonic ancestry]
  1580 | D:1      | Reached XP level 3. HP: 26/26 MP: 4/7
  1962 | D:1      | Learned a level 2 spell: Blink
  2196 | D:2      | Noticed Jessica
  2421 | D:2      | Killed Jessica
  2421 | D:2      | Gained mutation: You are mostly covered in sharp spines. [demonic ancestry]
  2421 | D:2      | Reached XP level 4. HP: 33/33 MP: 3/8
  3442 | D:3      | Noticed Ijyb
  3446 | D:3      | Paralysed by Ijyb for 6 turns
  3457 | D:3      | Paralysed by Ijyb for 2 turns
  3477 | D:3      | Paralysed by Ijyb for 4 turns
  3485 | D:3      | Paralysed by Ijyb for 5 turns
  3496 | D:3      | Killed Ijyb
  3496 | D:3      | Reached skill level 1 in Unarmed Combat
  3813 | D:3      | Gained mutation: You have a pair of antennae on your head. [demonic ancestry]
  3813 | D:3      | Reached XP level 5. HP: 38/38 MP: 9/9
  4650 | D:4      | Noticed an ogre
  4679 | D:4      | Killed an ogre
  4679 | D:4      | Reached skill level 2 in Unarmed Combat
  4679 | D:4      | Gained mutation: You are completely covered in sharp spines. [demonic ancestry]
  4679 | D:4      | Reached XP level 6. HP: 36/46 MP: 10/10
  4806 | D:4      | Noticed Blork the orc
  4815 | D:4      | Killed Blork the orc
  5120 | D:4      | Found Cudumol's Magic Scroll Shop.
  5143 | D:4      | Reached skill level 3 in Unarmed Combat
  5155 | D:4      | Bought a scroll of teleportation for 33 gold pieces
  5155 | D:4      | Bought a scroll of fear for 38 gold pieces
  5155 | D:4      | Bought a scroll of enchant armour for 82 gold pieces
  5248 | D:4      | Reached XP level 7. HP: 52/52 MP: 7/11
  5632 | D:4      | Found a hide-covered altar of Uskayaw.
  6081 | D:5      | Entered Level 5 of the Dungeon
  6553 | D:5      | Found Mausehol's Antique Weapon Shop.
  6923 | D:5      | Reached skill level 4 in Unarmed Combat
  7290 | D:5      | Learned a level 3 spell: Conjure Flame
  7292 | D:5      | Learned a level 1 spell: Animate Skeleton
  7666 | D:6      | Noticed Menkaure
  7680 | D:6      | Killed Menkaure
  7680 | D:6      | Reached XP level 8. HP: 31/60 MP: 12/12
  8185 | D:6      | Reached skill level 5 in Unarmed Combat
  8378 | D:6      | Found a staircase to the Ecumenical Temple.
  8383 | D:6      | Noticed Edmund
  8398 | D:6      | Killed Edmund
  8873 | D:6      | Reached skill level 5 in Dodging
  9071 | D:7      | Noticed Prince Ribbit
  9088 | D:6      | Reached skill level 5 in Fighting
  9137 | D:7      | Reached skill level 6 in Unarmed Combat
  9142 | D:7      | Killed Prince Ribbit
  9142 | D:7      | Gained mutation: You are partially covered in molten scales. (AC +2) [demonic ancestry]
  9142 | D:7      | Reached XP level 9. HP: 62/68 MP: 13/13
  9557 | D:7      | Reached skill level 5 in Armour
 10283 | Temple   | Entered the Ecumenical Temple
 10424 | Temple   | Became a worshipper of the Wu Jian Council
 10792 | D:8      | Found an iron altar of Okawaru.
 10825 | D:8      | Reached skill level 7 in Unarmed Combat
 10838 | D:8      | Noticed a two-headed ogre
 10868 | D:8      | Killed a two-headed ogre
 11336 | D:8      | Noticed a kobold demonologist
 11351 | D:8      | Killed a kobold demonologist
 11359 | D:8      | Gained mutation: Your flesh is heat resistant. (rF+) [demonic ancestry]
 11359 | D:8      | Reached XP level 10. HP: 76/76 MP: 14/14
 11364 | D:8      | Reached skill level 8 in Unarmed Combat
 11531 | D:8      | Reached * piety under Wu Jian
 11557 | D:8      | Noticed a two-headed ogre
 11589 | D:8      | Killed a two-headed ogre
 11892 | D:8      | Got a faintly glowing brass ring
 12042 | D:8      | Identified the ring "Wogodd" {*Tele rPois MR- Int+7} (You found it on level 8 of the Dungeon)
 12099 | D:8      | Identified the cursed +1 scale mail "Vyjifuf" {Int+6} (You took it off a kobold on level 8 of the Dungeon)
 12251 | D:9      | Found a burning altar of Makhleb.
 12289 | D:9      | Noticed a two-headed ogre
 12303 | D:9      | Killed a two-headed ogre
 12303 | D:9      | Reached skill level 9 in Unarmed Combat
 12503 | D:9      | Found an opulent altar of Gozag.
 12610 | D:9      | Found a staircase to the Orcish Mines.
 12943 | D:9      | Reached ** piety under Wu Jian
 13555 | D:9      | Gained mutation: You are mostly covered in molten scales. (AC +3) [demonic ancestry]
 13555 | D:9      | Reached XP level 11. HP: 41/84 MP: 15/15
 13898 | D:10     | Entered Level 10 of the Dungeon
 13914 | D:10     | Found a basalt altar of Yredelemnul.
 14136 | D:10     | Gained mutation: You are dopey. (Int -2) [potion of mutation]
 14136 | D:10     | Gained mutation: You are resistant to hostile enchantments. (MR+) [potion of mutation]
 14209 | D:10     | Noticed a two-headed ogre
 14224 | D:10     | Killed a two-headed ogre
 14557 | D:10     | Reached skill level 10 in Unarmed Combat
 14895 | D:10     | Reached *** piety under Wu Jian
 15133 | D:10     | Killed an unseen horror
 15562 | D:11     | Found a staircase to the Lair.
 15657 | D:11     | Noticed a two-headed ogre
 15671 | D:11     | Killed an unseen horror
 15673 | D:11     | Killed an unseen horror
 15675 | D:11     | Killed a two-headed ogre
 15768 | D:11     | Noticed a two-headed ogre
 15777 | D:11     | Killed a two-headed ogre
 15851 | D:11     | Reached skill level 11 in Unarmed Combat
 16066 | D:11     | Reached **** piety under Wu Jian
 16127 | D:11     | Gained mutation: You are completely covered in molten scales. (AC +4, rF+) [demonic ancestry]
 16127 | D:11     | Reached XP level 12. HP: 91/95 MP: 16/16
 16308 | Lair:1   | Entered Level 1 of the Lair of Beasts
 17055 | Lair:1   | Noticed a four-headed hydra
 17062 | Lair:1   | Killed a four-headed hydra
 17956 | Lair:2   | Noticed a five-headed hydra
 17963 | Lair:2   | Killed a five-headed hydra
 18397 | Lair:2   | Found a staircase to the Snake Pit.
 18508 | Lair:2   | Reached skill level 12 in Unarmed Combat
 18522 | Lair:2   | Found a staircase to the Swamp.
 19443 | Lair:3   | Noticed Gastronok
 19662 | Lair:3   | Killed Gastronok
 19792 | Lair:3   | Reached skill level 10 in Fighting
 19799 | Lair:3   | Slain by a komodo dragon

Vault maps used:
D:1:      dpeg_arrival_houses_and_road
D:2:      uniq_jessica
D:3:      first_ration, uniq_ijyb
D:4:      eat_drink_and_be_merry_uskayaw, serial_shops, nicolae_shop_waterfront,
          uniq_blork_the_orc
D:5:      serial_shops, nicolae_shop_behind_doors
D:6:      minmay_temple_entry_from_below_a, uniq_menkaure, uniq_edmund
D:7:      uniq_prince_ribbit1
D:8:      minmay_tri_box, kennysheep_mini, special_room
D:9:      lemuel_ogre_cave, makhleb_grotto_becter, grunt_gozag_breadcrumbs,
          orc_0_dummy, hangedman_fish_farm
D:10:     basic_altar
D:11:     minmay_lair_entry_lava
Temple:   regret_index_temple_mists
Lair:1:   minivault_26, infiniplex_staircase_pool_2
Lair:2:   minmay_swamp_entry_swarm, guppyfry_snake_entry_garden
Lair:3:   uniq_gastronok

Skill      XL: |  1  2  3  4  5  6  7  8  9 10 11 12 |
---------------+-------------------------------------+-----
Dodging        | 2 3 4 5 6 7 8 9 |  9.4
Fighting       | 1 2 3 4 5 6 7 9 10 | 10.0
Armour         | 1 2 3 4 5 7 8 9 |  9.2
Unarmed Combat | 1 2 3 4 6 7 9 11 12 | 12.3
Stealth        | |  1.7
Spellcasting   | |  3.0
Conjurations   | |  1.0
Summonings     | |  1.0
Translocations | |  0.8

Action                   |  1- 3 |  4- 6 |  7- 9 | 10-12 || total
-------------------------+-------+-------+-------+-------++-------
Melee: Unarmed           |    16 |       |    45 |   695 ||   756
       Club              |    50 |       |       |       ||    50
       Whip              |     5 |       |       |       ||     5
       Spear             |       |    20 |       |       ||    20
       Dagger            |       |    32 |   197 |       ||   229
       Punch             |       |       |     2 |    35 ||    37
 Cast: Magic Dart        |    88 |   155 |   154 |       ||   397
       Animate Skeleton  |       |       |     1 |    17 ||    18
Invok: Lunge             |       |       |    10 |    38 ||    48
       Whirlwind         |       |       |       |     6 ||     6
Evoke: Wand              |       |       |     2 |     8 ||    10
       Phial of floods   |       |       |       |     2 ||     2
  Use: Scroll            |       |     2 |     1 |    12 ||    15
       Potion            |       |     1 |     1 |    15 ||    17
 Stab: Sleeping          |     1 |       |       |       ||     1
       Confused          |       |       |     3 |     2 ||     5
       Distracted        |       |       |       |     2 ||     2
  Eat: Chunk             |     4 |     9 |    13 |    24 ||    50
       Ration            |       |       |     2 |     1 ||     3
Armor: Robe              |    17 |       |       |       ||    17
       Ring mail         |     2 |    27 |    55 |   219 ||   303
       Scale mail        |       |       |    32 |    29 ||    61
Dodge: Dodged            |    70 |    32 |   121 |   365 ||   588

Table legend:
 A = Spawn XP
 B = Non-spawn XP
 C = Spawn XP percentage of total XP
 D = Spawn monster count
 E = Non-spawn monster count
 F = Spawn count percentage of total count
 G = Total turns spent on level
                    A         B        C        D         E        F      G
               +---------+---------+-------+---------+---------+-------+---------
         Total |       0 |   35843 |   0.0 |       0 |     366 |   0.0 | 19799
               +---------+---------+-------+---------+---------+-------+---------
           D:1 |       0 |      55 |   0.0 |       0 |      27 |   0.0 |  2219
           D:2 |       0 |      76 |   0.0 |       0 |      15 |   0.0 |   693
           D:3 |       0 |      76 |   0.0 |       0 |      18 |   0.0 |  1432
           D:4 |       0 |     599 |   0.0 |       0 |      28 |   0.0 |  2101
           D:5 |       0 |     528 |   0.0 |       0 |      20 |   0.0 |  1283
           D:6 |       0 |    1229 |   0.0 |       0 |      21 |   0.0 |  1578
           D:7 |       0 |     938 |   0.0 |       0 |      25 |   0.0 |  1008
           D:8 |       0 |    4707 |   0.0 |       0 |      45 |   0.0 |  1685
           D:9 |       0 |    2998 |   0.0 |       0 |      39 |   0.0 |  1736
          D:10 |       0 |    4296 |   0.0 |       0 |      31 |   0.0 |  1335
          D:11 |       0 |    6701 |   0.0 |       0 |      38 |   0.0 |  1075
        Lair:1 |       0 |    3762 |   0.0 |       0 |      16 |   0.0 |  1339
        Lair:2 |       0 |    7553 |   0.0 |       0 |      37 |   0.0 |  1686
        Lair:3 |       0 |    2325 |   0.0 |       0 |       6 |   0.0 |   466
               +---------+---------+-------+---------+---------+-------+---------
